 Dungeon Crawl Stone Soup version 0.31-a0-949-g57150269e1 (webtiles) character file.

Game seed: 17155332041330121368

2521 greenreed the Fighter (level 9, 0/133 HPs)
             Began as a Minotaur Fighter on Oct 21, 2023.
             Was a Priest of Okawaru.
             Slain by an orc warrior
             ... wielding a +0 war axe
              (7 damage)
             ... in a bailey.
             The game lasted 00:10:41 (6265 turns).

greenreed the Fighter (Minotaur Fighter)            Turns: 6265, Time: 00:10:41

Health: 0/133      AC: 10    Str: 25    XL:     9   Next: 29%
Magic:  10/10      EV:  9    Int:  5    God:    Okawaru [***...]
Gold:   426        SH:  5    Dex: 10    Spells: 8/8 levels left

rFire   . . .        a - +0 flail
rCold   . . .        c - +0 buckler
rNeg    . . .        b - +0 scale mail
rPois   .            (helmet restricted)
rElec   .            j - +0 cloak
rCorr   .            r - +0 pair of gloves
SInv    .            (no boots)
Will    .....        (no amulet) Stlth
                     (no ring)
HPRegen 0.42/turn    (no ring)
MPRegen 0.12/turn

%: no passive effects
@: berserking, studying Fighting, very quick
A: horns 2, retaliatory headbutt, teleportitis 1
a: Renounce Religion, Heroism


You were in a bailey.
You worshipped Okawaru.
Okawaru was most pleased with you.
You visited 2 branches of the dungeon, and saw 8 of its levels.
You also visited: Bailey.

You collected 426 gold pieces.

Inventory:

Hand Weapons
 a - a +0 flail (weapon)
Missiles
 p - 15 boomerangs (quivered)
 x - 4 curare-tipped darts
 y - 4 datura-tipped darts
Armour
 b - a +0 scale mail (worn)
 c - a +0 buckler (worn)
 j - a +0 cloak (worn)
 r - a +0 pair of gloves (worn)
Jewellery
 s - a ring of fire
Scrolls
 g - 3 scrolls of vulnerability {unknown}
 i - a scroll of revelation {unknown}
 k - 6 scrolls of identify {unknown}
 m - a scroll of fog {unknown}
 o - 4 scrolls of immolation {unknown}
 q - 2 scrolls of teleportation {unknown}
 u - a scroll of enchant weapon {unknown}
 v - a scroll of amnesia {unknown}
 w - a scroll of acquirement {unknown}
Potions
 d - 2 potions of might
 e - 2 potions of magic {unknown}
 f - 6 potions of mutation
 l - 2 potions of berserk rage
 n - 2 potions of heal wounds {unknown}
 t - a potion of cancellation {unknown}


   Skills:
 * Level 11.4 Fighting
 * Level 8.6 Maces & Flails
 + Level 6.9 Armour
 + Level 6.9 Shields
 + Level 3.6 Invocations


You had 8 spell levels left.
You didn't know any spells.
Your spell library contained the following spells:

 Spells                   Type           Power      Damage    Failure   Level
 Kiss of Death            Conj/Necr      0%         2d5       80%         1
 Magic Dart               Conj           0%         1d3       80%         1
 Blink                    Tloc           0%         N/A       90%         2
 Lesser Beckoning         Tloc           0%         N/A       90%         2
 Momentum Strike          Conj/Tloc      0%         3d8       90%         2
 Confusing Touch          Hex            0%         N/A       99%         3
 Mephitic Cloud           Conj/Pois/Air  0%         N/A       99%         3
 Sigil of Binding         Hex            0%         N/A       99%         3
 Dimensional Bullseye     Hex/Tloc       0%         N/A       100%        4
 Dispel Undead            Necr           0%         3d6       100%        4
 Leda's Liquefaction      Hex/Erth       0%         N/A       100%        4
 Orb of Destruction       Conj           0%         9d5       100%        7
 Call Imp                 Summ           Unusable   N/A       N/A         2
 Call Canine Familiar     Summ           Unusable   N/A       N/A         3
 Summon Guardian Golem    Hex/Summ       Unusable   N/A       N/A         3
 Spellforged Servitor     Conj/Summ      Unusable   N/A       N/A         7

Dungeon Overview and Level Annotations

Branches:
Dungeon (7/15)             Temple (1/1) D:4          Bailey (1/1)

Altars:
Ashenzari
Cheibriados
Dithmenos
Gozag
Hepliaklqana
Kikubaaqudgha
Makhleb
Nemelex Xobeh
Okawaru
Qazlal
Sif Muna
Trog
Uskayaw
Vehumet
Wu Jian
Xom
Yredelemnul
Zin


Innate Abilities, Weirdness & Mutations

You have a pair of horns on your head.
You reflexively headbutt those who attack you in melee.
You are occasionally teleported next to monsters.


Message History

You are no longer poisoned.
The kobold barely misses you. You furiously retaliate!
You headbutt the kobold!
You kill the kobold!
The kobold brigand hits you with a +0 war axe.
* * * LOW HITPOINT WARNING * * *
It was a potion of curing.
You feel better. The kobold brigand closely misses you.
The kobold brigand hits you with a +0 war axe!
* * * LOW HITPOINT WARNING * * *
You feel better.
The kobold brigand hits you with a +0 war axe.
* * * LOW HITPOINT WARNING * * *
The kobold brigand hits you with a +0 war axe.
* * * LOW HITPOINT WARNING * * *
You feel better.
You hit the kobold brigand.
The kobold brigand is lightly wounded.
The kobold brigand hits you but does no damage.
You block the kobold brigand's attack.
You sock the kobold brigand!
You kill the kobold brigand!
Okawaru accepts your kill.
The kobold brigand hits you with a +0 war axe.
* * * LOW HITPOINT WARNING * * *
It was a potion of berserk rage.
A red film seems to cover your vision as you go berserk!
You feel yourself moving faster!
You feel mighty!
The kobold brigand hits you with a +0 war axe.
* * * LOW HITPOINT WARNING * * *
You closely miss the orc warrior. You block the orc warrior's attack.
You hit the orc warrior. Your headbutt misses the orc warrior.
The orc warrior is lightly wounded.
The orc warrior closely misses you.
The kobold brigand hits you with a +0 war axe.
* * * LOW HITPOINT WARNING * * *
You closely miss the orc warrior.
The orc warrior is lightly wounded.
The orc warrior hits you but does no damage.
The orc warrior hits you with a +0 war axe!
You die...

#.###~~.......~~###
#....~~.......~~...
#.###~~.......~~###
#....~~.......~~...
#####~~.......~~###
##~.......~##
####'''####
##.....## #∩...@o∩#
#...8Ko.# ##..)).##
###)### ... .....
....... .........
...........


You could see 2 orc warriors and a kobold brigand.

Vanquished Creatures
  5 yaks (D:6)
  5 orc warriors
  A black bear (D:4)
  2 ogres
  6 kobold brigands (Bailey)
  A bullfrog (D:6)
  2 scorpions
  2 hounds (D:6)
  A gnoll bouda (D:6)
  3 jellies
  2 iguanas
  An orc wizard (D:6)
  3 gnolls (D:6)
  8 adders
  2 shadow imps
  4 ufetubi
  4 dart slugs
  13 orcs
  6 ball pythons
  7 bats
  5 endoplasms
  4 giant cockroaches
  14 goblins
  4 hobgoblins
  10 jackals
  21 kobolds
  3 quokkas
  3 frilled lizards
  3 rats
145 creatures vanquished.

Notes
Turn   | Place    | Note
-------+----------+-------------------------------------------
     0 | D:1      | greenreed the Minotaur Fighter began the quest for the Orb.
     0 | D:1      | Reached XP level 1. HP: 19/19 MP: 0/0
   247 | D:1      | Reached XP level 2. HP: 27/27 MP: 1/1
   331 | D:1      | Reached skill level 4 in Fighting
   434 | D:1      | Found a faded altar of an unknown god.
  1147 | D:2      | Reached XP level 3. HP: 33/33 MP: 2/2
  1867 | D:3      | Reached XP level 4. HP: 41/41 MP: 3/3
  1942 | D:3      | Found an iron altar of Okawaru.
  2335 | D:3      | Became a worshipper of Warmaster Okawaru
  2405 | D:4      | Found a staircase to the Ecumenical Temple.
  2576 | D:4      | Reached skill level 5 in Fighting
  2576 | D:4      | Reached XP level 5. HP: 21/48 MP: 4/4
  2649 | D:4      | Noticed an orc warrior
  2722 | D:4      | Killed an orc warrior
  3041 | D:4      | Noticed a black bear
  3049 | D:4      | Killed a black bear
  3049 | D:4      | Reached * piety under Okawaru
  3050 | D:4      | Reached skill level 6 in Fighting
  3050 | D:4      | Reached skill level 5 in Maces & Flails
  3050 | D:4      | Reached XP level 6. HP: 40/57 MP: 5/5
  3560 | Temple   | Entered the Ecumenical Temple
  3575 | D:5      | Entered Level 5 of the Dungeon
  3848 | D:5      | Reached skill level 5 in Armour
  3848 | D:5      | Reached skill level 5 in Shields
  4247 | D:5      | Reached skill level 7 in Fighting
  4247 | D:5      | Reached skill level 1 in Invocations
  4247 | D:5      | Reached XP level 7. HP: 13/66 MP: 6/6
  4976 | D:6      | Noticed a yak
  4976 | D:6      | Noticed a yak
  4976 | D:6      | Noticed a yak
  4976 | D:6      | Noticed a yak
  4976 | D:6      | Noticed a yak
  4989 | D:6      | Killed a yak
  4990 | D:6      | Reached skill level 8 in Fighting
  4996 | D:6      | Killed a yak
  4996 | D:6      | Reached ** piety under Okawaru
  4997 | D:6      | Reached XP level 8. HP: 57/75 MP: 5/8
  5003 | D:6      | Reached skill level 9 in Fighting
  5260 | D:6      | Reached skill level 10 in Fighting
  5358 | D:6      | Reached *** piety under Okawaru
  5618 | D:6      | Found a hazy altar of Hepliaklqana.
  5843 | D:7      | Found a snail-covered altar of Cheibriados.
  5899 | D:7      | Found a flagged portal.
  5916 | Bailey   | Entered a bailey
  5981 | Bailey   | Reached XP level 9. HP: 60/86 MP: 10/10
  6221 | Bailey   | Identified the +2 rapier "Mejykor" {flame, rF+}
  6232 | Bailey   | Reached skill level 11 in Fighting
  6255 | Bailey   | Gained mutation: You are occasionally teleported next to
                  | monsters. [potion of mutation]
  6255 | Bailey   | HP: 1/89 [kobold brigand/+0 war axe (4)]
  6265 | Bailey   | Slain by an orc warrior

Illustrated notes

Levels and vault maps discovered:
D:1:      sevenhm_arrival_forest_fort_large_2, layout_basic,
          hellmonk_ecumenical_altar_lost_god
D:2:      layout_loops_cross
D:3:      layout_rooms, kennysheep_okawaru_gauntlet
D:4:      layout_basic, minmay_temple_entry_overgrown, minmay_manual_monstrance
D:5:      layout_basic
D:6:      layout_basic, nicolae_hepliaklqana_hazy_memory
D:7:      layout_cave_pools, mainiacjoe_overflow_24_doors,
          mainiacjoe_overflow_surrounded_room, nicolae_elyvilon_peaceful_grove,
          enter_bailey_5, nicolae_shop_dragon_depot,
          hangedman_decor_peaks_small, st_stairs_9, uniq_pikel
Temple:   minmay_freezing_vapour_temple
Bailey:   bailey_axe_3, bailey

Skill      XL: |  1  2  3  4  5  6  7  8  9 |
---------------+----------------------------+-----
Fighting       | 4 5 6 7 8 10 11 | 11.4
Maces & Flails | 3 4 5 6 8 |  8.6
Armour         | 4 5 6 |  6.9
Shields        | 4 5 6 |  6.9
Invocations    | 1 2 3 |  3.6

Action                     |  1- 3 |  4- 6 |  7- 9 || total
---------------------------+-------+-------+-------++-------
  Melee: Flail             |    90 |   135 |   166 ||   391
         Headbutt          |     7 |    20 |    37 ||    64
  Throw: Stone             |       |    36 |    16 ||    52
         Boomerang         |       |       |     2 ||     2
 Invoke: Heroism           |       |       |     2 ||     2
    Use: Potion            |       |     1 |     5 ||     6
 Armour: Scale mail        |    67 |    98 |   108 ||   273
  Dodge: Dodged            |    43 |    55 |    74 ||   172
  Block: Buckler           |    26 |    31 |    34 ||    91

Table legend: (Time is in decaauts)
 A = Elapsed time spent in this place.
 B = Non-inter-level travel time spent in this place.
 C = Inter-level travel time spent in this place.
 D = Time resting spent in this place.
 E = Time spent auto-exploring this place.
 F = Levels seen in this place.
 G = Mean time per level.
                   A        B        C        D        E       F      G
               +--------+--------+--------+--------+--------+-----+--------+
         Total |   6323 |   5949 |    374 |    416 |   4531 |   9 |  702.6 |
       Dungeon |   5975 |   5601 |    374 |    302 |   4435 |   7 |  853.6 |
        Temple |      1 |      1 |      0 |      0 |      0 |   1 |    1.0 |
        Bailey |    346 |    346 |      0 |    114 |     96 |   1 |  346.0 |
               +--------+--------+--------+--------+--------+-----+--------+

Top non-repeatable levels by time:
     D:5: 1284 daAuts
     D:4: 1228 daAuts
     D:1: 1144 daAuts
     D:6: 989 daAuts
     D:2: 694 daAuts
     D:3: 556 daAuts
  Bailey: 346 daAuts
     D:7: 77 daAuts
  Temple: 1 daAuts
